Match 23784520
Unlisted

Match 23784520
End
Selects Italian Combined Arms Battlegroup
Selects Bersaglieri Squad
Bersaglieri Squad
Bersaglieri Squad
Bersaglieri Squad
Construct Light Support Kompanie
Bersaglieri Squad
Construct Mechanized Kompanie
Selects Semovente da 75/18 Assault Gun
Semovente da 75/18 Assault Gun
Bersaglieri Squad
Selects Carro Armato M13/40 Light Tank
Carro Armato M13/40 Light Tank
Bersaglieri Squad
2.5-tonne Medical Truck
Selects Bersaglieri Bolster
Selects Breda Model 30 Light Machine Guns
Construct Panzerarmee Kommand
Selects Artillery Cover
Artillery Cover
Semovente da 75/18 Assault Gun
David Iustus
daddapiras2000
SneaKerz
gb_gbg
0
0

Comments sign in to comment!

No comments posted yet!